 Dungeon Crawl Stone Soup version 0.31-a0-267-g3fc6992b3b (webtiles) character file.

Game seed: 16558716697039195030

663 qw the Skirmisher (level 7, -6/60 HPs)
             Began as a Minotaur Hexslinger on July 14, 2023.
             Mangled by an ogre
             ... wielding a +0 giant club
              (26 damage)
             ... on level 5 of the Dungeon.
             The game lasted 00:01:30 (3524 turns).

qw the Skirmisher (Minotaur Hexslinger)             Turns: 3524, Time: 00:01:30

Health: -6/60      AC:  5    Str: 18    XL:     7   Next: 31%
Magic:  7/7        EV: 12    Int: 10    God:
Gold:   208        SH:  0    Dex: 15    Spells: 7/8 levels left

rFire   . . .        Y - +1 shortbow
rCold   . . .        (shield currently unavailable)
rNeg    . . .        e - +0 troll leather armour {Pargi}
rPois   +            (helmet restricted)
rElec   .            (no cloak)
rCorr   .            (no gloves)
SInv    .            g - +0 pair of boots
Will    .....        (no amulet)
Stlth   +            c - +6 ring of strength
HPRegen 1.10/turn    k - ring of poison resistance
MPRegen 0.10/turn

%: no passive effects
@: no status effects
A: horns 2, retaliatory headbutt
a: no special abilities


You were on level 5 of the Dungeon.
You visited 2 branches of the dungeon, and saw 6 of its levels.
You also visited: Sewer.

You collected 298 gold pieces.
You spent 90 gold pieces at shops.


Innate Abilities, Weirdness & Mutations

You have a pair of horns on your head.
You reflexively headbutt those who attack you in melee.


   Skills:
 + Level 4.3 Fighting
 - Level 8.0 Ranged Weapons
 - Level 1.3 Armour
 - Level 2.1 Dodging
 - Level 1.0 Spellcasting
 - Level 2.0 Hexes


You had 7 spell levels left.
You knew the following spells:

 Your Spells              Type           Power      Damage    Failure   Level
a - Slow                  Hex            16%        N/A       19%         1

Your spell library contained the following spells:

 Spells                   Type           Power      Damage    Failure   Level
 Inner Flame              Hex/Fire       2%         N/A       63%         3
 Portal Projectile        Hex/Tloc       4%         N/A       63%         3
 Cause Fear               Hex            2%         N/A       87%         4

Inventory:

Hand Weapons
 Y - a +1 shortbow (weapon)
Armour
 e - a +0 troll leather armour (worn) {Pargi}
 g - a +0 pair of boots (worn)
Jewellery
 c - a +6 ring of strength (left hand)
 k - a ring of poison resistance (right hand)
Scrolls
 a - a scroll of identify
Potions
 b - a potion of mutation
 d - 3 potions of heal wounds
 f - a potion of ambrosia {unknown}
 h - a potion of resistance
 i - a potion of curing
 j - a potion of experience {unknown}

Dungeon Overview and Level Annotations

Branches:
Dungeon (5/15)             Temple (1/1) D:4           Sewer (visited)

Altars:
Ashenzari
Dithmenos
Elyvilon
Fedhas
Gozag
Kikubaaqudgha
Qazlal
Sif Muna
Uskayaw
Wu Jian
Xom
Yredelemnul

Shops:
D:2 (


Message History

The gnoll hits you from afar with a +0 spear!
The gnoll closely misses you.
You shoot an arrow. The arrow hits the gnoll.
You kill the gnoll!
The gnoll closely misses you.
You shoot an arrow. The arrow closely misses the gnoll.
The gnoll barely misses you.
You shoot an arrow. The arrow hits the dart slug.
The dart slug is moderately wounded.
The dart slug closely misses you.
The gnoll hits you from afar with a +0 spear!
You shoot an arrow. The arrow closely misses the gnoll.
The arrow hits the ogre.
The ogre is lightly wounded.
The gnoll hits you but does no damage. The gnoll barely misses you.
The dart slug closely misses you.
You shoot an arrow. The arrow hits the gnoll.
The gnoll is almost dead.
The gnoll hits you with a +0 whip.
You shoot an arrow. The arrow hits the gnoll.
You kill the gnoll!
The dart slug closely misses you. You furiously retaliate!
You headbutt the dart slug!
You kill the dart slug!
The gnoll hits you but does no damage.
You shoot an arrow. The arrow barely misses the ogre.
The gnoll closely misses you.
You shoot an arrow. The arrow hits the ogre.
The ogre is lightly wounded.
The ogre barely misses you.
The gnoll hits you from afar with a +0 spear.
You shoot an arrow. The arrow barely misses the ogre.
The gnoll hits you from afar with a +0 spear.
The ogre hits you with a +0 giant club!!
You shoot an arrow. The arrow hits the ogre.
The ogre is moderately wounded.
The gnoll closely misses you.
You shoot an arrow. The arrow hits the ogre!
The ogre is severely wounded.
The ogre hits you with a +0 giant club!!
You die...

###
#########.###
............#
.....###.#.#
###..###.#.##
#....O@.....#
......)###.#.#
.....g####.####
.....##.......##
.#...#.8#####8.#
##. #.##...##.#
) # #.8.8.#.# ..
#..<..#.#
#.8.8.#.#


You could see an ogre and a gnoll.

Vanquished Creatures
  Pargi (Sewer)
  An ogre (D:4)
  A phantom (D:5)
  A bullfrog (D:3)
  A hound (D:4)
  2 orc priests (D:5)
  2 iguanas
  Natasha (D:2)
  3 gnolls (D:5)
  6 adders
  A worm (D:2)
  5 dart slugs
  4 orcs
  6 ball pythons
  7 endoplasms
  5 giant cockroaches
  4 goblins
  4 hobgoblins
  6 kobolds
  5 quokkas
  6 bats
  3 frilled lizards
  7 rats
82 creatures vanquished.

Notes
Turn   | Place    | Note
-------+----------+-------------------------------------------
     0 | D:1      | qw the Minotaur Hexslinger began the quest for the Orb.
     0 | D:1      | Reached XP level 1. HP: 16/16 MP: 1/1
     0 | D:1      | 0 ||| qw: Version: 0.3-a-52-g30416fa
     0 | D:1      | 0 ||| qw: Game counter: 7825
     0 | D:1      | 0 ||| qw: Melee chars always use a shield: true
     0 | D:1      | 0 ||| qw: God list: Okawaru
     0 | D:1      | 0 ||| qw: Allow faded altars: false
     0 | D:1      | 0 ||| qw: Do Orc after clearing Dungeon:15 true
     0 | D:1      | 0 ||| qw: Do second Lair branch before Depths: true
     0 | D:1      | 0 ||| qw: Lair rune preference: random
     0 | D:1      | 0 ||| qw: Goals: Normal
     0 | D:1      | 0 ||| PLANNING D:1-11
   197 | D:1      | Reached skill level 3 in Ranged Weapons
   197 | D:1      | Reached XP level 2. HP: 23/23 MP: 2/2
   318 | D:1      | HP: 4/24 [quokka (4)]
   318 | D:1      | HP: 1/24 [quokka (3)]
   423 | D:1      | 423 ||| UPGRADING to +0 ring mail.
   482 | D:1      | 482 ||| DROPPING +0 robe.
   795 | D:1      | 795 ||| READING 2 scrolls labelled KEPLAHEENN.
   796 | D:1      | 796 ||| READING scroll labelled GAERAUGHASTRY.
   797 | D:1      | 797 ||| READING scroll labelled BYMPEH USUHU.
   798 | D:1      | 798 ||| DROPPING scroll of poison.
   846 | D:2      | Found Xugaug's Antique Weapon Emporium.
   860 | D:2      | 860 ||| SHOPLISTING masterwork shortbow (240 gold, have
                  | 144).
   860 | D:2      | 860 ||| BUYING shortbow (90 gold).
   860 | D:2      | Bought a shortbow for 90 gold pieces
   860 | D:2      | 860 ||| SWAPPING to +0 shortbow.
   861 | D:2      | 861 ||| DROPPING +1 sling.
   898 | D:2      | Reached XP level 3. HP: 26/29 MP: 3/3
  1110 | D:2      | Reached skill level 4 in Ranged Weapons
  1210 | D:2      | 1210 ||| STAIRDANCE
  1213 | D:1      | Reached skill level 1 in Armour
  1238 | D:1      | 1238 ||| UPGRADING to +0 pair of boots.
  1243 | D:1      | 1243 ||| READING scroll labelled RADIDEN QYVIPP.
  1246 | D:1      | 1246 ||| READING scroll labelled GEN CUEFUO.
  1247 | D:1      | 1247 ||| DRINKING 2 bubbling puce potions.
  1248 | D:1      | 1248 ||| READING 2 scrolls of identify.
  1248 | D:1      | 1248 ||| IDENTIFYING metallic puce potion
  1249 | D:1      | 1249 ||| DROPPING potion of degeneration.
  1379 | D:2      | Noticed Natasha
  1388 | D:2      | Killed Natasha
  1389 | D:2      | Reached XP level 4. HP: 14/36 MP: 4/4
  1650 | D:2      | 1650 ||| UPGRADING to +6 ring of strength.
  1651 | D:2      | 1651 ||| READING 2 scrolls of identify.
  1651 | D:2      | 1651 ||| IDENTIFYING white potion
  1671 | D:3      | 1671 ||| PLANNING SEWER
  1678 | D:3      | Found a glowing drain.
  1694 | Sewer    | Entered a sewer
  1791 | Sewer    | Noticed Pargi
  1804 | Sewer    | HP: 6/36 [Pargi (6)]
  1805 | Sewer    | 1805 ||| DRINKING 3 potions of heal wounds.
  1815 | Sewer    | HP: 7/36 [Pargi (7)]
  1816 | Sewer    | 1816 ||| DRINKING 2 potions of heal wounds.
  1828 | Sewer    | Killed Pargi
  1829 | Sewer    | Reached skill level 5 in Ranged Weapons
  1829 | Sewer    | Reached XP level 5. HP: 19/41 MP: 5/5
  1939 | Sewer    | 1939 ||| UPGRADING to +0 troll leather armour {Pargi}.
  1949 | Sewer    | 1949 ||| DROPPING +0 ring mail.
  1950 | Sewer    | 1950 ||| READING 2 scrolls of identify.
  1950 | Sewer    | 1950 ||| IDENTIFYING bubbling yellow potion
  1966 | D:3      | 1966 ||| PLANNING D:1-11
  2230 | D:3      | Reached skill level 3 in Fighting
  2230 | D:3      | Reached XP level 6. HP: 37/52 MP: 6/6
  2316 | D:3      | Reached skill level 6 in Ranged Weapons
  2375 | D:3      | Found a blossoming altar of Fedhas.
  2658 | D:3      | 2658 ||| DROPPING +1 leather armour of cold resistance.
  2659 | D:3      | 2659 ||| READING scroll labelled VOD HOM UPLY.
  2660 | D:3      | 2660 ||| READING 2 scrolls of identify.
  2660 | D:3      | 2660 ||| IDENTIFYING glowing inky potion
  2820 | D:4      | Found a broken altar of Ashenzari.
  2843 | D:4      | Noticed a +0 spear
  2844 | D:4      | Noticed a +0 falchion
  2844 | D:4      | Noticed a +0 short sword
  2845 | D:4      | Noticed a +0 dagger
  2845 | D:4      | Noticed a +0 dagger
  2845 | D:4      | Noticed a +0 spear
  2845 | D:4      | Noticed a +0 falchion
  2846 | D:4      | Noticed a +0 short sword
  2849 | D:4      | Found a hide-covered altar of Uskayaw.
  2890 | D:4      | Found a staircase to the Ecumenical Temple.
  2891 | D:4      | 2891 ||| PLANNING TEMPLE
  2905 | D:4      | Reached skill level 7 in Ranged Weapons
  2918 | Temple   | Entered the Ecumenical Temple
  2987 | Temple   | 2987 ||| PLANNING D:1-11
  3114 | D:4      | Found a white marble altar of Elyvilon.
  3393 | D:4      | 3393 ||| UPGRADING to ring of poison resistance.
  3402 | D:5      | Entered Level 5 of the Dungeon
  3415 | D:5      | Reached XP level 7. HP: 34/59 MP: 7/7
  3500 | D:5      | Reached skill level 8 in Ranged Weapons
  3524 | D:5      | Mangled by an ogre

Levels and vault maps discovered:
D:1:      dpeg_arrival_pits, layout_basic, serial_curves, eino_curves_02,
          eino_curves_02, minmay_heptomino_h4
D:2:      layout_loops_ring, serial_shops, nicolae_shop_statue_plus,
          kennysheep_generic_room_10, uniq_natasha
D:3:      layout_loops_cross, mainiacjoe_overflow_brackets,
          cheibrodos_sewer_entry_drain, wander_ebering_terrifying_dragon_lair
D:4:      layout_loops_ring, nicolae_uskayaw_en_pointe, lemuel_tele_altar,
          elyvilon_altar_1, minmay_temple_entry_stoned_glass
D:5:      kennysheep_steamy, layout_loops_ring, serial_shops, shop,
          nicolae_shop_rolling_square, shop, grunt_ministairs_11
Temple:   nicolae_temple_colour_theory

Skill      XL: |  1  2  3  4  5  6  7 |
---------------+----------------------+-----
Ranged Weapons | 3 4 5 7 8 |  8.0
Fighting       | 2 3 4 |  4.3
Armour         | 1 |  1.3
Dodging        | |  2.1
Spellcasting   | |  1.0
Hexes          | |  2.0

Action                     |  1- 3 |  4- 6 |  7- 9 || total
---------------------------+-------+-------+-------++-------
   Fire: Sling             |    62 |       |       ||    62
         Shortbow          |    61 |   179 |    43 ||   283
    Use: Scroll            |     6 |     4 |       ||    10
         Potion            |     1 |     2 |       ||     3
 Armour: Ring mail         |    15 |    52 |       ||    67
         Troll leather arm |       |    12 |     7 ||    19
  Dodge: Dodged            |    31 |    90 |    22 ||   143

Table legend:
 A = Non-vault XP
 B = Vault XP
 C = Vault XP percentage of total XP
 D = Non-vault monster count
 E = Vault monster count
 F = Vault count percentage of total count
                 A         B        C        D         E       F
            +---------+---------+-------+---------+---------+-------
      Total |     627 |     321 |  33.9 |      64 |      18 |  22.0
            +---------+---------+-------+---------+---------+-------
        D:1 |      41 |       6 |  12.8 |      15 |       3 |  16.7
        D:2 |      44 |      37 |  45.7 |      16 |       2 |  11.1
        D:3 |     164 |       8 |   4.7 |      18 |       5 |  21.7
        D:4 |     225 |       0 |   0.0 |      10 |       0 |   0.0
        D:5 |     153 |     129 |  45.7 |       5 |       5 |  50.0
      Sewer |       0 |     141 | 100.0 |       0 |       3 | 100.0
            +---------+---------+-------+---------+---------+-------
